 Dungeon Crawl Stone Soup version 0.16-a0-3827-g034e2a6 (webtiles) character file.

459 Kold the Insei (level 7, -2/41 HPs)
             Began as an Octopode Ice Elementalist on Jan 29, 2015.
             Slain by a phantom (8 damage)
             ... on level 5 of the Dungeon.
             The game lasted 00:17:55 (5043 turns).

Kold the Insei (Octopode Ice Elementalist)          Turns: 5043, Time: 00:17:55

Health: -2/41      AC:  1    Str:  8    XL:     7   Next: 6%
Magic:  9/12       EV: 13    Int: 17    God:
Gold:   176        SH:  0    Dex: 14    Spells: 3 memorised, 4 levels left

rFire  . . .     SeeInvis +       - Unarmed
rCold  . . .     Clarity  .     (no shield)
rNeg   . . .     SustAb   .     (helmet restricted)
rPois  .         Gourm    .     (no amulet)
rElec  .         Spirit   .     a - ring of see invisible
rCorr  .         Warding  .     (no ring)
rMut   .         Stasis   .     (no ring)
MR     .....                    (no ring)
Stlth  ++++......               (no ring)
                                (no ring)
                                (no ring)
                                (no ring)

@: very slightly contaminated, not resistant to hostile enchantments, stealthy
A: almost no armour, amphibious, 8 rings, constrict 8, camouflage 1, gelatinous
body 1
a: no special abilities


You were on level 5 of the Dungeon.
You were hungry.

You visited 1 branch of the dungeon, and saw 5 of its levels.

You collected 176 gold pieces.

Inventory:

Hand weapons
 i - a +1 flail of holy wrath
Jewellery
 a - a ring of see invisible (left tentacle)
 s - a +4 ring of strength
Scrolls
 d - 2 scrolls of recharging
 e - 7 scrolls of identify
 g - a scroll of noise {unknown}
 n - a scroll of random uselessness
 r - a scroll of fog {unknown}
 t - a scroll of enchant weapon
 u - 3 scrolls of teleportation {unknown}
 v - a scroll of remove curse
 w - a scroll of fear
Potions
 j - 3 potions of heal wounds
 k - a potion of degeneration {unknown}
 m - a potion of restore abilities {unknown}
 p - 2 potions of flight {unknown}
 q - a potion of cure mutation {unknown}
Books
 b - a book of Frost

   Spells                             Type                      Level
   a - Freeze                         Ice                          1
   b - Throw Frost                    Conjuration/Ice              2
   c - Ozocubu's Armour               Charms/Ice                   3
   d - Throw Icicle                   Conjuration/Ice              4
   e - Summon Ice Beast               Ice/Summoning                4
   f - Condensation Shield            Ice                          4
 h - a book of the Warp

   Spells                             Type                      Level
   a - Recall                         Summoning/Translocation      3
   b - Control Teleport               Charms/Translocation         4
   c - Force Lance                    Conjuration/Translocation    4
   d - Phase Shift                    Translocation                5
   e - Warp Weapon                    Charms/Translocation         5
   f - Summon Forest                  Summoning/Translocation      5
   g - Gell's Gravitas                Hexes/Translocation          6
 y - a Necronomicon {highlevel, unknown}

   This book is beyond your current level of understanding.

   Spells                             Type                      Level
   a - Haunt                          Necromancy/Summoning         7
   b - Borgnjor's Revivification      Necromancy                   8
   c - Death's Door                   Charms/Necromancy            8
   d - Necromutation                  Transmutation/Necromancy     8
Comestibles
 c - 6 bread rations
 f - 5 fruits
 l - 2 meat rations
 o - a beef jerky


   Skills:
 - Level 2.6 Dodging
 - Level 5.0 Stealth
 + Level 5.6 Unarmed Combat
 - Level 2.0 Spellcasting
 - Level 1.0 Conjurations
 - Level 3.6 Ice Magic


You had 4 spell levels left.
You knew the following spells:

 Your Spells              Type           Power        Failure   Level  Hunger
a - Freeze                Ice            ##..         4%          1    #......
b - Ozocubu's Armour      Chrm/Ice       #.......     30%         3    ###....
c - Throw Frost           Conj/Ice       #.....       14%         2    ###....


Dungeon Overview and Level Annotations

Branches:
Dungeon (5/15)
 Temple: D:4-7

Altars:
Dithmenos
Okawaru
Qazlal
Ru

Annotations:
D:3 ice trove, Grinder


Innate Abilities, Weirdness & Mutations

You cannot wear most types of armour.
You are amphibious.
You can wear up to eight rings at the same time.
You can use your tentacles to constrict many enemies at once.
Your skin changes colour to match your surroundings (Stealth).
Your rubbery body absorbs attacks (AC +1).


Message History

Confirm with . or Enter, or press ? or * to list all spells.
You miscast Ozocubu's Armour.
You are very lightly contaminated with residual magic.
Your skin tingles.
The phantom hits you!
You barely miss the phantom.
The phantom is severely damaged.
You tentacle-slap the phantom but do no damage.
You tentacle-slap the phantom, but do no damage.
The phantom is severely damaged.
The phantom hits you!
* * * LOW HITPOINT WARNING * * *
The phantom blinks!
You are too injured to fight recklessly!
Found a stone staircase leading up.
Found a quarterstaff.
The phantom blinks!
You tentacle-slap the phantom.
The phantom is severely damaged.
The phantom hits you!
You die...

#............#.#
#............#.#
#########...##.#
...........>##.#
#########...##.# .#
#...##.# .# #...##.#
.#############.####.##
...........ยง....@W.<.#
##############.#####)#
#.# #.# #.# #.# #.# #.#
#.#


You could see a phantom.

Vanquished Creatures
  Eustachio (D:5)
  A giant frog zombie (D:5)
  An orc wizard (D:3)
  A hound (D:4)
  A giant frog skeleton (D:5)
  An orc priest (D:4)
  Jessica (D:2)
  A hound skeleton (D:4)
  A gnoll (D:1)
  6 adders
  A giant mite (D:4)
  7 orcs
  A bat skeleton (D:4)
  5 giant cockroaches
  7 hobgoblins
  7 jackals
  9 bats
  2 giant newts (D:1)
  3 goblins
  A jackal skeleton (D:4)
  9 kobolds
  4 quokkas
  A quokka zombie (D:5)
  7 rats
79 creatures vanquished.

Notes
Turn   | Place    | Note
--------------------------------------------------------------
     0 | D:1      | Kold, the Octopode Ice Elementalist, began the quest for the Orb.
     0 | D:1      | Reached XP level 1. HP: 11/11 MP: 3/3
   600 | D:1      | Reached XP level 2. HP: 10/17 MP: 2/4
  1277 | D:1      | Reached XP level 3. HP: 6/21 MP: 0/6
  2036 | D:2      | Found a shadowy altar of Dithmenos.
  2036 | D:2      | Found an iron altar of Okawaru.
  2037 | D:2      | Found a sacrificial altar of Ru.
  2141 | D:2      | Noticed Jessica
  2152 | D:2      | Killed Jessica
  2152 | D:2      | Reached skill level 1 in Unarmed Combat
  2231 | D:2      | Reached XP level 4. HP: 23/27 MP: 4/7
  2237 | D:2      | Learned a level 3 spell: Ozocubu's Armour
  2491 | D:3      | Reached skill level 4 in Stealth
  2735 | D:3      | Noticed Grinder
  3144 | D:3      | Reached skill level 5 in Stealth
  3144 | D:3      | Reached XP level 5. HP: 20/31 MP: 3/9
  4265 | D:4      | Found a stormy altar of Qazlal.
  4275 | D:4      | Got a bloodstained quarterstaff
  4276 | D:4      | Identified the cursed +0 quarterstaff "Vesocwy" {antimagic, MP+9} (You found it on level 4 of the Dungeon)
  4389 | D:4      | Learned a level 2 spell: Throw Frost
  4463 | D:4      | Reached XP level 6. HP: 20/36 MP: 7/10
  4686 | D:5      | Entered Level 5 of the Dungeon
  4948 | D:5      | Noticed Eustachio
  4958 | D:5      | Killed Eustachio
  4958 | D:5      | Reached skill level 5 in Unarmed Combat
  4958 | D:5      | Reached XP level 7. HP: 41/41 MP: 3/12
  5043 | D:5      | Slain by a phantom

Action                   |  1- 3 |  4- 6 |  7- 9 || total
-------------------------+-------+-------+-------++-------
Melee: Unarmed           |    60 |   119 |    12 ||   191
       Quarterstaff      |       |     2 |       ||     2
 Cast: Freeze            |    24 |    28 |     3 ||    55
       Ozocubu's Armour  |       |    10 |       ||    10
  Use: Scroll            |       |     9 |       ||     9
       Potion            |       |     1 |       ||     1
 Stab: Sleeping          |     7 |     9 |     1 ||    17
  Eat: Chunk             |     4 |     8 |     1 ||    13
       Pizza             |       |     1 |       ||     1
